Map: Nocny Mrok ER

Players

Krystianer

  • Race: Protoss Protoss
  • League: Platinum
  • Spawn Location: 11:00

ShoWTimE - Winner!

  • Race: Protoss Protoss
  • Spawn Location: 5:00

Event: IEM Katowice 2020

VOD

Have the link to the VOD?

Description

Time

  • Played on: Feb. 24, 2020, 4:17 a.m.
  • Length: 9:41

All games in this series

Show
View Real Time Build Order
Export as new Build Order

Krystianer Protoss 

Build Orders:  

Get SALT Encoding   

  12  0:00  Probe  
  13  0:12  Probe  
  14  0:17  Pylon  
  14  0:24  Probe (Chrono Boost)  
  16  0:36  Probe (Chrono Boost)  
  16  0:37  Gateway  
  16  0:43  Probe (Chrono Boost)  
  16  0:46  Assimilator  
  17  0:50  Probe  
  17  0:54  Assimilator  
  18  1:03  Probe (Chrono Boost)  
  19  1:09  Gateway  
  20  1:12  Probe (Chrono Boost)  
  20  1:17  Probe (Chrono Boost)  
  20  1:24  Cybernetics Core  
  21  1:29  Probe  
  22  1:33  Pylon  
  22  1:41  Probe  
  23  1:53  Probe  
  24  1:57  Warp Gate (Chrono Boost)  
  24  2:00  Adept x2  
  29  2:11  Pylon  
  29  2:13  Pylon  
  28  2:30  Stalker x2  
  28  2:36  Robotics Facility  
  32  2:59  Gateway  
  32  3:00  Stalker x2  
  36  3:13  Pylon  
  36  3:37  Immortal (Chrono Boost)  
  38  3:43  Stalker  
  38  3:44  Stalker  
  40  3:49  Pylon  
  40  4:07  Adept x3  
  44  4:28  Adept x2  
  44  4:29  Adept  
  46  4:42  Warp Prism (Chrono Boost)  
  46  4:51  Sentry x3  
  50  5:02  Pylon  
  50  5:14  Adept  
  50  5:15  Adept  
  50  5:20  Adept  
  56  5:36  Adept x2  
  56  5:41  Adept  
  60  6:00  Zealot x2  
  60  6:01  Zealot  
  42  6:21  Adept x3  
  44  6:34  Immortal (Chrono Boost)  
  44  6:45  Sentry x3  
  50  7:08  Adept x2  
  50  7:09  Adept  
  56  7:19  Pylon  
  48  7:34  Adept x2  
  49  7:53  Adept  
  49  7:54  Adept x2  
  55  8:16  Stalker x2  
  55  8:17  Stalker  
  61  8:46  Adept  
  63  8:49  Pylon  
  63  9:11  Adept x3  
Show
View Real Time Build Order
Export as new Build Order

ShoWTimE Protoss - Winner!

Build Orders:  

Get SALT Encoding   

  12  0:00  Probe  
  13  0:13  Probe  
  14  0:17  Pylon  
  14  0:25  Probe (Chrono Boost)  
  15  0:36  Gateway  
  15  0:37  Probe (Chrono Boost)  
  16  0:44  Probe (Chrono Boost)  
  16  0:46  Assimilator  
  17  0:51  Probe  
  17  0:54  Assimilator  
  18  1:03  Probe (Chrono Boost)  
  19  1:09  Gateway  
  19  1:13  Probe (Chrono Boost)  
  20  1:18  Probe (Chrono Boost)  
  20  1:24  Cybernetics Core  
  21  1:29  Probe  
  22  1:33  Pylon  
  22  1:42  Probe  
  23  1:54  Probe  
  24  1:58  Warp Gate (Chrono Boost)  
  24  2:01  Stalker x2  
  28  2:06  Probe  
  29  2:12  Pylon  
  29  2:31  Sentry x2  
  32  2:44  Nexus  
  32  2:47  Probe  
  33  2:58  Shield Battery  
  33  2:59  Probe  
  34  3:05  Robotics Facility  
  34  3:11  Probe  
  35  3:17  Shield Battery  
  35  3:19  Pylon  
  35  3:23  Probe  
  36  3:30  Shield Battery  
  36  3:36  Probe  
  36  3:37  Sentry  
  36  3:38  Stalker  
  39  3:48  Probe  
  40  3:59  Immortal (Chrono Boost)  
  40  4:00  Probe  
  45  4:04  Sentry  
  45  4:08  Pylon  
  47  4:13  Stalker  
  47  4:31  Stalker, Shield Battery  
  47  4:34  Shield Battery  
  47  4:37  Shield Battery  
  47  4:39  Stalker  
  47  4:45  Probe x2  
  49  4:47  Observer  
  50  4:55  Adept  
  50  4:57  Probe (Chrono Boost)  
  54  5:01  Probe (Chrono Boost)  
  54  5:05  Pylon  
  55  5:08  Probe (Chrono Boost)  
  55  5:11  Sentry  
  55  5:12  Probe (Chrono Boost)  
  55  5:13  Probe (Chrono Boost)  
  58  5:21  Probe, Warp Prism (Chrono Boost)  
  60  5:23  Probe  
  63  5:29  Assimilator  
  63  5:31  Assimilator  
  64  5:39  Sentry  
  64  5:42  Zealot, Shield Battery  
  67  5:45  Gateway  
  67  5:49  Shield Battery  
  67  5:57  Immortal (Chrono Boost)  
  52  6:06  Adept x2  
  40  6:26  Adept x2  
  40  6:31  Immortal (Chrono Boost)  
  46  6:37  Probe  
  47  6:42  Probe  
  47  6:45  Adept  
  50  6:52  Probe  
  50  6:54  Probe  
  51  7:04  Stalker  
  53  7:10  Stalker  
  53  7:12  Probe  
  56  7:15  Probe  
  57  7:27  Stalker  
  59  7:32  Stalker  
  61  7:40  Shield Battery  
  61  7:50  Pylon  
  59  7:54  Adept  
  61  8:08  Pylon  
  61  8:11  Stalker  
  61  8:12  Shield Battery  
  63  8:15  Sentry  
  65  8:22  Sentry  
  67  8:27  Probe  
  67  8:36  Stalker  
  69  8:48  Pylon  
  69  8:51  Pylon  
  69  8:59  Pylon  
  69  9:07  Adept x3  
  74  9:16  Pylon  
  74  9:19  Shield Battery  
  72  9:25  Probe  
  67  9:34  Stalker x2  

Tags
 
Add a new tag
Caveats
  • Supply blocks, unpowered buildings, or Contaminate may cause inaccurate times.
  • Supply counts are checked every 10 seconds.